 Dungeon Crawl Stone Soup version 0.30.0-16-gbe6223bb7e (webtiles) character file.

Game seed: 18092377914625650620

78509 avis the Apostle (level 15, 0/127 HPs)
             Began as a Hill Orc Fighter on May 20, 2023.
             Was a High Priest of Beogh.
             Slain by a bunyip (54 damage)
             ... called by a spriggan druid
             ... on level 1 of the Swamp.
             The game lasted 04:07:04 (30303 turns).

avis the Apostle (Hill Orc Fighter)                Turns: 30303, Time: 04:07:04

Health: 0/127      AC: 12    Str: 35    XL:     15   Next: 60%
Magic:  12/38      EV: 17    Int:  8    God:    Beogh [*****.]
Gold:   2084       SH: 19    Dex: 10    Spells: 17/20 levels left

rFire   + . .        b - +3 morningstar of the Maze {speed, rElec rC+ MP+9 Str+2}
rCold   + + +        W - +2 tower shield {rC+}
rNeg    . . .        z - +0 troll leather armour
rPois   +            k - +2 helmet {SInv}
rElec   +            p - scarf {rC+ rF+}
rCorr   .            N - +1 pair of gloves {infuse}
SInv    +            Q - +1 pair of boots
Will    +....        r - amulet of faith
Stlth   +            K - +6 ring of strength
HPRegen 1.21/turn    T - ring of Jasuededos {rElec rPois EV+5}
MPRegen 0.26/turn

%: faith, infuse magic (1 MP)
@: studying Transmutations
A: walk on water
a: Renounce Religion, Smiting, Recall Orcish Followers, Give Item to Named
Follower


You were on level 1 of the Swamp.
You worshipped Beogh.
Beogh was extremely pleased with you.
You visited 5 branches of the dungeon, and saw 21 of its levels.
You also visited: Ossuary, Bailey and Ice Cave.

You collected 2680 gold pieces.
You spent 596 gold pieces at shops.

Inventory:

Hand Weapons
 a - a +7 broad axe of electrocution
 b - the +3 morningstar of the Maze (weapon) {speed, rElec rC+ MP+9 Str+2}
   (You found it on level 12 of the Dungeon)

   Str:       It affects your strength (+2).
   rC:        It protects you from cold.
   rElec:     It insulates you from electricity.
   MP:        It affects your magic capacity (+9).
 F - a +2 bardiche
Missiles
 n - 50 poisoned darts
 x - 5 curare-tipped darts
 y - 3 silver boomerangs
 C - 12 boomerangs
 L - 5 atropa-tipped darts (quivered)
Armour
 k - a +2 helmet of see invisible (worn)
 p - a scarf of resistance (worn)
 z - a +0 troll leather armour (worn)
 N - a +1 pair of gloves of infusion (worn)
 P - a +0 plate armour
 Q - a +1 pair of boots (worn)
 W - a +2 tower shield of cold resistance (worn)
Magical Staves
 l - a staff of cold
Jewellery
 r - an amulet of faith (around neck)
 K - a +6 ring of strength (left hand)
 T - the ring of Jasuededos (right hand) {rElec rPois EV+5}
   (You found it in an ice cave)

   [ring of evasion]

   EV:        It affects your evasion (+5).
   rElec:     It insulates you from electricity.
   rPois:     It protects you from poison.
Wands
 g - a wand of acid (6)
 i - a wand of charming (10)
 s - a wand of mindburst (5)
 u - a wand of roots (11)
Scrolls
 e - 2 scrolls of silence
 f - 3 scrolls of butterflies
 h - 9 scrolls of blinking
 j - 22 scrolls of teleportation
 q - 7 scrolls of magic mapping
 t - 4 scrolls of poison
 v - 7 scrolls of fog
 A - a scroll of immolation
 U - 3 scrolls of fear
 Z - 2 scrolls of identify
Potions
 c - 3 potions of flight
 d - 12 potions of might
 m - a potion of curing
 o - 2 potions of magic
 w - 7 potions of lignification
 D - a potion of heal wounds
 G - 3 potions of brilliance
 H - 7 potions of haste
 I - 3 potions of berserk rage
 J - 6 potions of invisibility
 M - 4 potions of cancellation
 O - 2 potions of resistance
 R - a potion of ambrosia
Miscellaneous
 B - a lightning rod (4/4)
 E - a piece from Xom's chessboard (15/15)
 Y - a phantom mirror


   Skills:
 * Level 10.3 Fighting
 - Level 18.0 Axes
 - Level 5.0 Throwing
 + Level 6.2 Armour
 - Level 5.0 Dodging
 - Level 15.0 Shields
 - Level 3.0 Spellcasting
 - Level 6.0 Ice Magic
 - Level 20.0 Invocations


You had 17 spell levels left.
You knew the following spells:

 Your Spells              Type           Power      Damage    Failure   Level
o - Ozocubu's Armour      Ice            10%        N/A       17%         3

Your spell library contained the following spells:

 Spells                   Type           Power      Damage    Failure   Level
 Hailstorm                Conj/Ice       6%         3d4       50%         3
 Cigotuvi's Dreadful Rot  Necr/Pois/Air  2%         N/A       69%         2
 Ice Form                 Ice/Tmut       6%         N/A       88%         4
 Call Canine Familiar     Summ           1%         N/A       89%         3
 Ignite Poison            Fire/Tmut/Pois 1%         N/A       89%         3
 Portal Projectile        Hex/Tloc       2%         N/A       89%         3
 Tukima's Dance           Hex            1%         N/A       89%         3
 Metabolic Englaciation   Hex/Ice        3%         N/A       99%         5
 Animate Armour           Summ/Erth      2%         N/A       100%        4
 Dispel Undead            Necr           1%         3d6       100%        4
 Leda's Liquefaction      Hex/Erth       0%         N/A       100%        4
 Passage of Golubria      Tloc           1%         N/A       100%        4
 Blade Hands              Tmut           0%         N/A       100%        5
 Freezing Cloud           Conj/Ice/Air   2%         6-21      100%        5
 Iskenderun's Battlesphe  Conj           1%         2d6       100%        5
 Yara's Violent Unravell  Hex/Tmut       0%         3d3       100%        5
 Death Channel            Necr           0%         N/A       100%        6
 Iron Shot                Conj/Erth      0%         9d1       100%        6
 Simulacrum               Ice/Necr       3%         N/A       100%        6
 Malign Gateway           Summ/Tloc      0%         N/A       100%        7
 Spellforged Servitor     Conj/Summ      0%         N/A       100%        7
 Summon Horrible Things   Summ           0%         N/A       100%        8


Dungeon Overview and Level Annotations

Branches:
Dungeon (13/15)            Temple (1/1) D:7            Lair (5/5) D:9
  Swamp (1/4) Lair:3       Spider (1/4) Lair:2        Slime (0/5) Lair:4
    Orc (0/2) D:10         Vaults (0/5) D:13        Ossuary (visited)
 Bailey (visited)           IceCv (visited)

Altars:
Ashenzari
Cheibriados
Dithmenos
Elyvilon
Gozag
Kikubaaqudgha
Makhleb
Nemelex Xobeh
Okawaru
Qazlal
Ru
Sif Muna
Trog
Wu Jian
Xom
Yredelemnul
Zin
The Shining One
Jiyva

Annotations:
D:7 2 transporters, AverageBear's ghost, novice OpFi
D:12 2 transporters, Voxie's ghost, journeyman GrFi
Lair:1 Deep water unexplored
Lair:3 2 transporters, Sobieck's ghost, journeyman DgHu


Message History

Jorge shoots a bolt.
The bolt completely misses the spriggan druid.
The spriggan druid barely misses you.
You slice the spriggan druid!!
Lightning courses through the spriggan druid!
With its final breath, the spriggan druid offers up its power to the beasts of the wild!
The bunyip seems to grow more fierce.
The alligator seems to grow more fierce.
The six-headed hydra seems to grow more fierce.
You kill the spriggan druid!
Beogh accepts your kill.
Jorge shoots a bolt.
The bolt hits the bunyip!!
Your orc knight hits the bunyip with a +0 short sword!
You hit the bunyip.
The bunyip is heavily wounded.
You block the bunyip's attack. x2
The bunyip claws you but does no damage.
Jorge shoots a bolt.
The bolt hits the bunyip!
Your orc knight hits the bunyip with a +0 short sword!
You closely miss the bunyip.
The bunyip is severely wounded.
Jorge no longer looks unusually strong.
You closely miss the bunyip.
The bunyip is severely wounded.
Your orc knight roars a battlecry!
Jorge goes into a battle-frenzy!
You block the six-headed hydra's attack.
The six-headed hydra bites you!
The six-headed hydra bites you but does no damage.
You block the six-headed hydra's attack. x3
Your +7 broad axe of electrocution stops crackling.
You feel stronger.
Your hands tingle!
b - the +3 morningstar of the Maze (weapon)
{speed, rElec rC+ MP+9 Str+2} The alligator puts on a burst of speed!
Your orc knight hits the bunyip with a +0 short sword!
You skewer the six-headed hydra like a kebab!!!
The six-headed hydra is heavily wounded.
You block the bunyip's attack. x2; The bunyip claws you!!!
You die...

..##...#÷.....♣
...#+.##.....♣♣~
.~.......~..~...
..~.....~..~.~.~
.~~......~....~♣
~~.~~~..~~....~.
....~t..~~~....~
......~.?†)...~.
.~.~.§o@D~......
....~.xo~...§~~~
~...~..~..~..~..
.....~.§...~..~.
.§.~~.§....~~~..
>........~.~....
~...~...§.~.~~..
.~..~.~..~.....


You could see a bunyip (strong, ally target), an alligator (strong, swift), a
six-headed hydra (strong), a friendly orc knight and the friendly Jorge the orc
warrior (strong).

Vanquished Creatures
  A fenstrider witch (Swamp:1)
  A ghost moth (Spider:1)
  A reaper (IceCv)
  A stone giant (D:12)
  A bunyip (Swamp:1)
  An ettin (D:12)
  2 fire dragons
  An entropy weaver (Spider:1)
  2 hydras
  Harold (D:9)
  3 two-headed ogres
  A catoblepas (Lair:3)
  A centaur warrior (D:13)
  7 boulder beetles
  6 death yaks (Lair:5)
  Sonja (D:13)
  An obsidian statue (D:13)
  A swamp dragon (Lair:5)
  A spriggan druid (Swamp:1)
  A wizard (D:11)
  A manticore (D:13)
  An ugly thing (D:11)
  10 cyclopes
  6 elephants
  2 ice statues (IceCv)
  6 black mambas
  3 cane toads
  A demonic crawler (Spider:1)
  3 gargoyles
  Maggie (D:6)
  2 yaktaurs (D:13)
  2 unseen horrors (D:12)
  A kobold demonologist (D:11)
  3 rime drakes
  6 ice devils (IceCv)
  6 komodo dragons
  2 anaconda simulacra (IceCv)
  2 polar bears
  4 trolls
  17 blink frogs
  Prince Ribbit (D:9)
  3 dream sheep (Lair:4)
  A jumping spider (Spider:1)
  2 centaur simulacra (D:12)
  6 culicivoras
  3 slime creatures
  5 shadows
  A wraith (D:9)
  4 wyverns
  A fire elemental (Lair:4)
  2 vampires
  22 yaks
  2 basilisks
  7 vampire mosquitoes
  2 steam dragons (D:11)
  A death yak simulacrum (IceCv)
  8 redbacks (Spider:1)
  Menkaure (D:7)
  2 wargs (D:12)
  2 swamp worms (Swamp:1)
  2 two-headed ogre zombies (D:10)
  3 acid dragons
  8 water moccasins
  4 black bears
  5 sky beasts
  2 orc warriors
  5 ice beasts
  5 ogres
  8 wolves
  4 centaurs
  3 kobold brigands
  8 bullfrogs
  2 scorpions
  A two-headed ogre simulacrum (IceCv)
  A cane toad simulacrum (IceCv)
  A gnoll sergeant (D:7)
  10 killer bees (D:10)
  An elephant simulacrum (IceCv)
  A troll zombie (D:10)
  2 howler monkeys
  8 electric eels
  2 jellies (D:6)
  5 hounds
  3 gnoll boudas
  4 orc priests
  A sleepcap (D:3)
  6 iguanas
  4 orc wizards
  4 spriggan simulacra (IceCv)
  2 hell rats (Lair:5)
  3 polar bear simulacra (IceCv)
  A troll simulacrum (IceCv)
  2 wolf simulacra (IceCv)
  5 ogre zombies (D:10)
  8 mummies (Ossuary)
  25 gnolls
  8 adders
  2 naga simulacra (IceCv)
  4 shadow imps
  4 white imps
  4 ufetubi
  2 worms (D:2)
  5 dart slugs
  41 orcs
  A bat (D:2)
  5 endoplasms
  5 giant cockroaches
  A gnoll zombie (Ossuary)
  6 hobgoblins
  14 kobolds
  3 quokkas
  4 ball pythons
  4 frilled lizards
  10 goblins
  A goblin skeleton (D:10)
  A goblin zombie (D:10)
  2 hobgoblin skeletons (D:10)
  4 hobgoblin zombies
  3 kobold zombies (Ossuary)
  3 orc skeletons (D:10)
  18 orc zombies
  9 rats
513 creatures vanquished.

Vanquished Creatures (collateral kills)
  Erolcha (D:13)
  3 hydras
  2 boulder beetles (Spider:1)
  4 death yaks (Lair:5)
  2 two-headed ogres (D:12)
  A skyshark (Lair:3)
  Lodul (D:13)
  A swamp dragon (Lair:5)
  2 orb spiders (Spider:1)
  A steelbarb worm (Spider:1)
  An orc knight (D:12)
  A wolf spider (Spider:1)
  An oklob plant (Lair:4)
  An ugly thing (D:12)
  8 elephants (Lair:4)
  A manticore (D:13)
  8 cyclopes (D:12)
  A gargoyle (D:13)
  7 komodo dragons
  3 cane toads
  A kobold demonologist (D:13)
  An efreet (D:13)
  3 rime drakes
  2 yaktaurs (D:13)
  4 trolls
  A polar bear (D:12)
  3 dream sheep (Lair:4)
  5 blink frogs
  A jumping spider (Spider:1)
  3 slime creatures
  3 wyverns
  A culicivora (Spider:1)
  A vampire (D:13)
  8 yaks
  A centaur simulacrum (D:12)
  3 basilisks (Lair:5)
  2 steam dragons (Lair:5)
  2 redbacks (Spider:1)
  4 vampire mosquitoes
  3 wargs (D:12)
  4 water moccasins
  A swamp drake (Lair:5)
  An ice beast (D:12)
  An orc warrior (D:12)
  10 ogres
  3 wolves (D:12)
  2 centaurs
  A bullfrog (Lair:4)
  2 kobold brigands (D:13)
  A howler monkey (D:13)
  3 iguanas (Lair:5)
  An orc wizard (D:11)
  5 hell rats (Lair:5)
  2 white imps (D:12)
  An ufetubus (D:12)
  An orc (D:11)
  A kobold (D:13)
142 creatures vanquished.

Vanquished Creatures (others)
  Nessos (Lair:5)
  An orc knight (Spider:1)
  An orc sorcerer (D:13)
  An orc warrior (D:13)
  4 orcs
  An orc priest (D:11)
  5 orc wizards
14 creatures vanquished.

Grand Total: 669 creatures vanquished

Notes
Turn   | Place    | Note
-------+----------+-------------------------------------------
     0 | D:1      | avis the Hill Orc Fighter began the quest for the Orb.
     0 | D:1      | Reached XP level 1. HP: 19/19 MP: 1/1
   101 | D:1      | Reached XP level 2. HP: 27/27 MP: 2/2
   999 | D:2      | Reached XP level 3. HP: 33/33 MP: 3/3
  1259 | D:2      | Found a faded altar of an unknown god.
  1370 | D:2      | Reached skill level 5 in Axes
  1370 | D:2      | Reached XP level 4. HP: 36/40 MP: 4/4
  1998 | D:3      | Noticed an ice beast
  2274 | D:3      | Reached XP level 5. HP: 36/46 MP: 3/5
  2452 | D:3      | Found a glowing silver altar of Zin.
  2453 | D:3      | Found a white marble altar of Elyvilon.
  2453 | D:3      | Found a glowing golden altar of the Shining One.
  2496 | D:3      | Found an ancient bone altar of Kikubaaqudgha.
  2636 | D:3      | Killed an ice beast
  2637 | D:3      | Reached XP level 6. HP: 36/53 MP: 3/6
  2751 | D:3      | Found a bloodstained altar of Trog.
  2751 | D:3      | Found a snail-covered altar of Cheibriados.
  2751 | D:3      | Found a shimmering blue altar of Sif Muna.
  3129 | D:4      | Reached skill level 5 in Fighting
  3239 | D:4      | Found Bihux's Magic Scroll Shop.
  3254 | D:4      | Bought a scroll of teleportation for 39 gold pieces
  3254 | D:4      | Bought a scroll of noise for 13 gold pieces
  3254 | D:4      | Bought a scroll of magic mapping for 97 gold pieces
  3254 | D:4      | Bought a scroll of blinking for 97 gold pieces
  3787 | D:4      | Reached XP level 7. HP: 49/61 MP: 7/7
  4052 | D:5      | Entered Level 5 of the Dungeon
  4235 | D:5      | Became a worshipper of Beogh the Brigand
  4669 | D:5      | Reached skill level 1 in Invocations
  4869 | D:5      | Reached skill level 10 in Axes
  4869 | D:5      | Reached skill level 2 in Invocations
  4869 | D:5      | Reached XP level 8. HP: 44/68 MP: 4/9
  4880 | D:5      | Reached skill level 3 in Invocations
  4887 | D:5      | Found a sacrificial altar of Ru.
  5207 | D:5      | Found a burning altar of Makhleb.
  5325 | D:4      | Bought a scroll of amnesia for 52 gold pieces
  5418 | D:6      | Reached skill level 4 in Invocations
  5532 | D:6      | Reached skill level 5 in Invocations
  5677 | D:6      | Reached skill level 6 in Invocations
  5860 | D:6      | Reached XP level 9. HP: 67/74 MP: 11/14
  5861 | D:6      | Noticed Maggie
  5881 | D:6      | Killed Maggie
  5881 | D:6      | Reached * piety under Beogh
  5882 | D:6      | Reached skill level 7 in Invocations
  6014 | D:6      | Learned a level 3 spell: Ozocubu's Armour
  6318 | D:7      | Found a flagged portal.
  6353 | Bailey   | Entered a bailey
  6600 | Bailey   | Reached skill level 1 in Ice Magic
  6839 | Bailey   | Acquired a manual of Shields
  6886 | D:7      | Found a broken altar of Ashenzari.
  6899 | D:7      | Reached ** piety under Beogh
  6900 | D:7      | Reached skill level 8 in Invocations
  6911 | D:7      | Found a staircase to the Ecumenical Temple.
  6922 | Temple   | Entered the Ecumenical Temple
  7260 | D:7      | Noticed Menkaure
  7271 | D:7      | Killed Menkaure
  7535 | D:7      | Noticed a gargoyle
  7536 | D:7      | Killed a gargoyle
  7537 | D:7      | Reached skill level 1 in Spellcasting
  7570 | D:7      | Noticed a two-headed ogre
  7579 | D:7      | Killed a two-headed ogre
  7580 | D:7      | Reached skill level 9 in Invocations
  7580 | D:7      | Reached XP level 10. HP: 77/81 MP: 15/17
  7639 | D:7      | Reached skill level 10 in Invocations
  7814 | D:7      | Noticed AverageBear's ghost (novice OpFi)
  7815 | D:7      | Found a transporter.
  7816 | D:7      | Identified the +2 dire flail of Trog's Regard {antimagic,
                  | +Blink rCorr}
  7825 | D:7      | Found a transporter.
  7949 | D:8      | Found a sand-covered staircase.
  7960 | Ossuary  | Entered an ossuary
  8693 | D:8      | Reached *** piety under Beogh
  8706 | D:8      | Reached skill level 11 in Invocations
  9660 | D:9      | Found a staircase to the Lair.
  9664 | D:9      | Noticed an elephant
  9682 | D:9      | Killed an elephant
  9683 | D:9      | Reached skill level 15 in Axes
 10401 | D:9      | Noticed Prince Ribbit
 10403 | D:9      | Noticed Harold
 10429 | D:9      | Killed Harold
 10430 | D:9      | Reached skill level 12 in Invocations
 10430 | D:9      | Reached XP level 11. HP: 39/86 MP: 0/20
 10433 | D:9      | Killed Prince Ribbit
 10663 | Lair:1   | Entered Level 1 of the Lair of Beasts
 11224 | Lair:1   | Reached skill level 13 in Invocations
 11425 | Lair:1   | Reached skill level 14 in Invocations
 12246 | D:4      | Bought a scroll of enchant armour for 97 gold pieces
 12246 | D:4      | Bought a scroll of torment for 123 gold pieces
 12246 | D:4      | Bought a scroll of teleportation for 39 gold pieces
 12246 | D:4      | Bought a scroll of teleportation for 39 gold pieces
 12661 | D:10     | Entered Level 10 of the Dungeon
 12680 | D:10     | Found a staircase to the Orcish Mines.
 12696 | D:10     | Reached **** piety under Beogh
 12859 | D:10     | Reached skill level 5 in Shields
 13025 | D:10     | Reached skill level 5 in Ice Magic
 13304 | D:10     | Noticed a two-headed ogre
 13313 | D:10     | Killed a two-headed ogre
 13321 | D:10     | Reached ***** piety under Beogh
 13635 | D:10     | Reached XP level 12. HP: 66/95 MP: 9/23
 13947 | D:10     | Identified the +1 leather armour of Sunlight {Rampage
                  | *Corrode rN+ Dex+3}
 13965 | D:10     | Found a shimmering altar of Xom.
 14081 | D:10     | Found an iron altar of Okawaru.
 14081 | D:10     | Found a shadowy altar of Dithmenos.
 14090 | D:10     | Found a faded altar of an unknown god.
 14092 | D:10     | Found a stormy altar of Qazlal.
 14093 | D:10     | Found a sparkling altar of Nemelex Xobeh.
 14832 | Lair:2   | Found a hole to the Spider Nest.
 14841 | Lair:2   | Reached skill level 5 in Armour
 14841 | Lair:2   | Reached skill level 15 in Invocations
 15055 | Lair:2   | Noticed a boulder beetle
 15074 | Lair:2   | Killed a boulder beetle
 15356 | Lair:2   | Reached skill level 1 in Dodging
 16348 | D:11     | Noticed a boulder beetle
 16366 | D:11     | Killed a boulder beetle
 16367 | D:11     | Reached skill level 10 in Shields
 17091 | D:11     | Noticed a two-headed ogre
 17101 | D:11     | Killed a two-headed ogre
 17102 | D:11     | Reached skill level 16 in Invocations
 17683 | Lair:3   | Found a transporter.
 17688 | Lair:3   | Noticed Sobieck's ghost (journeyman DgHu)
 17997 | Lair:3   | Noticed a catoblepas
 18010 | Lair:3   | Reached XP level 13. HP: 91/102 MP: 14/25
 18527 | Lair:3   | Found a staircase to the Swamp.
 18534 | Lair:3   | Found a transporter.
 19801 | Lair:4   | Noticed Urug
 20071 | Lair:4   | Found the +2 hat of the Bear Spirit {Spirit, Bear, *Rage
                  | Will++}
 20166 | Lair:4   | Identified the +7 scimitar "Ongeadar" {freeze, Str+4}
 20268 | Lair:4   | Found a viscous altar of Jiyva.
 20268 | Lair:4   | Found a staircase to the Slime Pits.
 20425 | Lair:4   | Reached skill level 17 in Invocations
 20902 | Lair:4   | Noticed a fire dragon
 20911 | Lair:4   | Killed a fire dragon
 21314 | Lair:5   | Entered Level 5 of the Lair of Beasts
 21940 | Lair:5   | Gained Thorok as an ally
 21941 | Lair:5   | Reached skill level 15 in Shields
 22294 | Lair:5   | Reached XP level 14. HP: 16/114 MP: 0/26
 22295 | Lair:5   | Reached skill level 18 in Invocations
 22562 | Lair:5   | Noticed Nessos
 22564 | Lair:5   | Killed Nessos
 23226 | Lair:1   | Upgraded the game from 0.30.0-15-g856e2d3f33 to
                  | 0.30.0-16-gbe6223bb7e
 24338 | D:12     | Found a frozen archway.
 24356 | IceCv    | Entered an ice cave
 24576 | IceCv    | Reached skill level 10 in Fighting
 24576 | IceCv    | Reached skill level 1 in Throwing
 25440 | IceCv    | Noticed a reaper
 25446 | IceCv    | Killed a reaper
 25467 | IceCv    | Identified the ring of Jasuededos {rElec rPois EV+5}
 25469 | IceCv    | Identified the ring of Conformity {Fire rPois Will+++ Int-4
                  | SInv}
 25656 | D:12     | Identified the +0 scale mail of Okawaru's Fury {rF- rCorr
                  | Str+4}
 25689 | D:12     | Found a transporter.
 25689 | D:12     | Noticed Voxie's ghost (journeyman GrFi)
 25690 | D:12     | Found a transporter.
 25854 | D:12     | Reached skill level 19 in Invocations
 26182 | D:12     | Reached skill level 5 in Throwing
 26383 | D:12     | Noticed a stone giant
 26386 | D:12     | Killed a stone giant
 26551 | D:12     | Noticed a quicksilver ooze
 26747 | D:12     | Reached XP level 15. HP: 113/126 MP: 23/28
 27036 | D:12     | Identified the +5 whip of Greatest Utility {heavy, rF+ rN+
                  | rCorr}
 27048 | D:12     | Identified the +7 falchion of Huaseimu {antimagic, Str+2}
 27049 | D:12     | Identified the +2 flail of the Boar {freeze, Int+4}
 27280 | D:12     | Identified the +3 morningstar of the Maze {speed, rElec rC+
                  | MP+9 Str+2}
 27489 | D:13     | Reached skill level 20 in Invocations
 27552 | D:13     | Identified the staff of poison "Patseogh" {rPois Will-
                  | Int+8}
 27580 | D:13     | Noticed Erolcha
 27586 | D:13     | Killed Erolcha
 27642 | D:13     | Noticed Lodul
 27654 | D:13     | Killed Lodul
 28151 | D:13     | Noticed Sonja
 28156 | D:13     | Killed Sonja
 28717 | D:13     | Found a gate to the Vaults.
 29112 | Spider:1 | Entered Level 1 of the Spider Nest
 29663 | Spider:1 | Noticed a ghost moth
 29667 | Spider:1 | Killed a ghost moth
 29668 | Spider:1 | Reached skill level 5 in Dodging
 30124 | Swamp:1  | Entered Level 1 of the Swamp
 30135 | Swamp:1  | Noticed a fenstrider witch
 30138 | Swamp:1  | Killed a fenstrider witch
 30275 | Swamp:1  | Gained Jorge as an ally
 30303 | Swamp:1  | Slain by a bunyip

Illustrated notes

Levels and vault maps discovered:
D:1:      psy_arrival_radial02, layout_basic
D:2:      layout_loops_corners, shapermc_ecumenical_altar_gd,
          grunt_ministairs_1, minmay_gold_behind_fungi, hangedman_decor_opposing
D:3:      layout_basic, dreamdust_divine_triumvirate,
          chequers_temple_overflow_statue_of_worship, lemuel_crystal_altar,
          nicolae_kite_square_tiling_tiny
D:4:      layout_loops_corners, serial_shops, nicolae_shop_crystal
D:5:      layout_gridville, makhleb_blood_cavern_becter,
          mainiacjoe_overflow_brackets, hex_medium
D:6:      layout_rooms, minmay_between, uniq_maggie
D:7:      layout_loops_ring, kennysheep_mini_moat,
          minmay_temple_entry_statues_pillars, enter_bailey_2,
          gammafunk_ghost_smash, kb_rosetta, uniq_menkaure
D:8:      layout_loops_ring, enter_ossuary_3
D:9:      layout_long_grid, david_lair_generic, roderic_lattice_a, uniq_harold,
          uniq_prince_ribbit1
D:10:     layout_basic, mainiacjoe_overflow_24_doors,
          chequers_temple_overflow_minitemple, zombieorc2_lemuel
D:11:     minmay_spotlight, layout_small_grid, minmay_misc_feat_more_columns,
          hangedman_misty_isle
D:12:     giant_chief_lemuel, layout_cave_pods, gammafunk_ghost_arena,
          serial_ice, serial_ice_b, serial_ice_h, serial_ice_c, serial_ice_g,
          serial_ice_i, serial_ice_f, portal_ice_cave_rime, corner_web_ring,
          statue_in_the_mist_lemuel, minmay_misc_feat_enclosed
D:13:     layout_layer_cave, hangedman_vaults_entry_quadrant_bands,
          minmay_statue_bubble, uniq_erolcha, uniq_lodul, uniq_sonja
Temple:   nicolae_temple_bog_church
Lair:1:   layout_roguey, chequers_serial_rivers_small_3,
          chequers_serial_rivers_small_3, serial_bayou_shore_b
Lair:2:   layout_chaotic_city, hellmonk_spider_entry_life_and_decay
Lair:3:   layout_regular_city, swamp_mist_pool, gammafunk_ghost_hive
Lair:4:   dragon1_lemuel, layout_cellular_growth, dpeg_slime_entry_enclosed,
          infiniplex_staircase_pool, uniq_urug
Lair:5:   guppyfry_lair_end_dragon, layout_gridlike, pond, lemuel_fruit_tree,
          serial_bayou_shore_a, grunt_megastairs_2, uniq_nessos
Swamp:1:  layout_basic_swamp, serial_swamp_ruin, evilmike_swamp_ruin_house_3,
          evilmike_swamp_ruin_house_1, swamp_pool2, lightli_tree_ring,
          infiniplex_staircase_pool_2
Spider:1: layout_spider_delve, nicolae_spider_rock_and_or_roll

Skill      XL: |  1  2  3  4  5  6  7  8  9 10 11 12 13 14 15 |
---------------+----------------------------------------------+-----
Axes           | 3 4 5 7 8 10 11 13 15 16 18 | 18.0
Fighting       | 4 5 6 7 10 | 10.3
Armour         | 4 5 6 |  6.2
Shields        | 4 5 12 15 | 15.0
Invocations    | 2 6 9 12 14 16 17 19 20 | 20.0
Ice Magic      | 2 3 5 6 |  6.0
Spellcasting   | 1 2 3 |  3.0
Dodging        | 3 5 |  5.0
Throwing       | 5 |  5.0

Action                     |  1- 3 |  4- 6 |  7- 9 | 10-12 | 13-15 || total
---------------------------+-------+-------+-------+-------+-------++-------
  Melee: War axe           |    89 |   137 |   285 |   544 |   397 ||  1452
         Dagger            |       |     1 |       |       |       ||     1
         Broad axe         |       |       |       |       |   122 ||   122
         Morningstar       |       |       |       |       |    12 ||    12
  Throw: Dart              |       |    12 |     1 |    50 |     2 ||    65
         Boomerang         |       |       |       |    60 |    58 ||   118
   Cast: Ozocubu's Armour  |       |       |       |    28 |    41 ||    69
 Invoke: Convert to Beogh  |       |       |     1 |       |       ||     1
         Smiting           |       |       |     1 |    12 |    25 ||    38
         Recall Orcish Fol |       |       |       |     1 |     8 ||     9
         Give Item to Name |       |       |       |       |     2 ||     2
         Stop Recall       |       |       |       |       |     2 ||     2
  Evoke: Wand              |       |       |       |     1 |     4 ||     5
    Use: Scroll            |       |       |    13 |     8 |    13 ||    34
         Potion            |       |       |       |     2 |    13 ||    15
   Stab: Sleeping          |       |       |     7 |     1 |       ||     8
         Distracted        |       |       |       |       |     2 ||     2
 Armour: Scale mail        |     8 |       |       |       |       ||     8
         Chain mail        |    26 |    78 |   116 |       |       ||   220
         Steam dragon scal |       |       |    23 |    33 |       ||    56
         Acid dragon scale |       |       |       |   146 |   157 ||   303
         Troll leather arm |       |       |       |       |    31 ||    31
  Dodge: Dodged            |    34 |    41 |   107 |   183 |   189 ||   554
  Block: Buckler           |    18 |    23 |    70 |    43 |       ||   154
         Kite shield       |       |       |       |   180 |   346 ||   526
         Reflection        |       |       |       |     3 |    23 ||    26
         Tower shield      |       |       |       |       |   236 ||   236
